Map: Blackrock LE

Players

Halo - Winner!

  • Race: Zerg Zerg

A.I. 1 (Harder)

  • Race: Terran Terran

VOD

Have the link to the VOD?

Description

Time

  • Played on: Aug. 5, 2026, 12:40 a.m.
  • Length: 10:24
Show
View Real Time Build Order
Export as new Build Order

Halo Zerg - Winner!

Build Orders: Hatch First 

Get SALT Encoding   

  8  0:00  Drone  
  9  0:10  Drone  
  10  0:17  Drone  
  11  0:21  Drone  
  12  0:28  Extractor  
  12  0:30  Drone  
  13  0:40  Overlord  
  13  0:58  Drone x2  
  15  1:13  Hatchery  
  15  1:17  Drone  
  15  1:21  Drone  
  16  1:37  Extractor  
  15  1:40  Spawning Pool  
  15  1:41  Drone  
  15  1:45  Drone  
  16  1:50  Drone  
  16  1:52  Drone  
  18  2:01  Drone  
  19  2:11  Overlord  
  19  2:21  Drone  
  20  2:29  Queen  
  20  2:30  Queen  
  20  2:36  Zergling x4  
  26  2:40  Drone  
  27  2:47  Drone x2  
  29  2:58  Overlord  
  29  3:06  Overlord  
  29  3:14  Drone x2  
  31  3:20  Metabolic Boost  
  31  3:27  Hatchery  
  31  3:31  Drone  
  31  3:33  Drone  
  32  3:43  Drone x3  
  32  3:44  Drone  
  32  3:46  Drone  
  37  3:49  Drone  
  37  3:51  Drone  
  37  3:53  Drone  
  40  3:56  Drone  
  40  3:58  Drone  
  42  4:07  Extractor  
  41  4:14  Queen x2  
  45  4:20  Drone  
  45  4:21  Drone x2  
  48  4:33  Overlord  
  48  4:35  Overlord  
  48  5:17  Overlord x2  
  48  5:18  Overlord x3  
  49  5:21  Drone x15  
  49  5:22  Drone  
  64  5:35  Baneling Nest  
  63  5:36  Zergling x2  
  63  5:37  Zergling x4  
  63  5:42  Lair  
  66  5:43  Drone, Evolution Chamber  
  66  5:44  Drone, Evolution Chamber  
  66  5:49  Zergling x6  
  69  6:04  Zergling x10  
  69  6:05  Zergling x10  
  69  6:10  Zerg Melee Weapons Level 1, Zerg Ground Armor Level 1  
  80  6:11  Zergling x4  
  81  6:28  Queen  
  81  6:29  Queen  
  81  6:31  Overlord x2  
  85  6:33  Zergling x16  
  93  6:40  Centrifugal Hooks  
  93  6:41  Zergling x6  
  96  7:37  Zergling x40  
  97  7:43  Drone  
  117  7:44  Baneling  
  117  7:45  Baneling x20  
  117  7:58  Extractor  
  116  7:59  Overlord x5  
  116  8:08  Zergling x10  
  121  8:15  Zergling x4  
  106  8:27  Zergling x16  
  108  8:36  Zergling x2  
  108  8:37  Zergling x10  
  112  8:49  Drone  
  112  8:50  Drone x2  
  115  9:00  Hatchery  
  114  9:09  Zergling x22  
  125  9:12  Hatchery  
  125  9:13  Zergling x2  
  124  9:18  Extractor  
  102  9:39  Zergling x22  
  103  10:07  Zergling x2  
Show
View Real Time Build Order
Export as new Build Order

A.I. 1 (Harder) Terran 

Build Orders:  

Get SALT Encoding   

  8  0:00  SCV  
  9  0:13  SCV  
  10  0:25  SCV  
  11  0:37  SCV  
  12  0:46  Supply Depot  
  12  0:49  SCV  
  13  1:08  SCV  
  14  1:14  Barracks  
  14  1:20  SCV  
  15  1:32  SCV  
  16  1:43  Command Center  
  16  1:44  SCV  
  17  1:56  SCV  
  18  2:02  Marine  
  18  2:05  Supply Depot  
  19  2:09  Orbital Command  
  19  2:14  Refinery  
  19  2:20  Marine  
  20  2:29  Barracks  
  20  2:35  SCV  
  20  2:36  Refinery  
  21  2:38  Marine  
  22  2:47  SCV  
  22  2:49  Supply Depot  
  23  2:57  Barracks Tech Lab  
  23  3:00  SCV  
  24  3:07  SCV  
  24  3:12  SCV  
  26  3:16  Barracks Tech Lab  
  26  3:18  Marauder  
  26  3:19  SCV  
  29  3:24  SCV  
  30  3:31  SCV  
  31  3:36  SCV  
  31  3:37  Factory  
  32  3:43  SCV  
  33  3:48  SCV  
  33  3:53  Factory  
  35  3:55  SCV  
  35  4:06  Refinery  
  35  4:14  Refinery  
  35  4:23  Marine, Starport, Factory Tech Lab  
  36  4:34  Starport  
  36  4:36  Factory Tech Lab  
  36  4:40  Marauder  
  38  4:48  SCV  
  38  4:51  SCV  
  40  4:53  Reaper  
  41  5:00  Supply Depot, SCV  
  41  5:01  Starport Tech Lab  
  41  5:03  SCV  
  41  5:06  Siege Tank  
  46  5:11  Starport Tech Lab  
  46  5:12  SCV  
  46  5:13  Stimpack  
  47  5:15  SCV  
  47  5:19  Viking  
  50  5:22  Combat Shield  
  50  5:24  SCV  
  50  5:27  SCV  
  52  5:30  Supply Depot  
  52  5:35  Engineering Bay  
  52  5:36  SCV  
  52  5:40  SCV  
  54  5:47  Marine  
  54  5:48  SCV  
  56  5:52  SCV  
  57  6:00  Marine, Terran Infantry Armor Level 1, SCV  
  59  6:04  SCV  
  59  6:06  Supply Depot  
  59  6:12  SCV  
  59  6:13  Marine  
  61  6:25  Marine  
  61  6:28  SCV  
  61  6:31  Supply Depot  
  63  6:39  Marauder  
  65  6:41  Concussive Shells  
  65  6:45  SCV  
  65  6:52  Marauder  
  65  6:53  SCV  
  68  6:55  Supply Depot  
  68  6:57  SCV  
  69  7:04  Reaper  
  69  7:05  Missile Turret, SCV  
  71  7:09  SCV  
  71  7:10  Missile Turret  
  71  7:14  Missile Turret  
  72  7:16  Raven  
  72  7:17  Raven, SCV, Siege Tank, Missile Turret  
  72  7:22  Supply Depot  
  80  7:28  Sensor Tower  
  80  7:30  Armory, Cyclone  
  80  7:34  Bunker  
  83  7:40  Bunker  
  83  7:43  SCV  
  84  7:44  Barracks  
  84  7:45  Supply Depot, SCV  
  84  7:50  Viking  
  87  7:54  Terran Infantry Weapons Level 1  
  87  7:55  SCV  
  87  7:57  SCV  
  88  8:07  SCV  
  88  8:10  Supply Depot  
  89  8:19  Thor  
  95  8:24  Viking x2, Hellion  
  78  8:31  Barracks Reactor  
  62  8:37  Marine  
  51  8:46  Hellion  
  53  8:54  Viking  
  50  9:01  Reaper  
  51  9:05  Marine  
  51  9:08  Marine  
  51  9:09  SCV  
  54  9:11  Marine  
  54  9:15  Siege Tank, Viking  
  58  9:21  Hellion  
  58  9:23  Marine  
  61  9:26  Marine  
  54  9:35  SCV, Marine  
  54  9:38  Marine  
  55  9:41  Marauder  
  55  9:42  Hellion  
  35  9:52  Viking  
  35  9:53  Hellion, Marauder  
  35  9:56  Marine  
  33  10:02  Marine  
  33  10:04  SCV  
Tags
 
Add a new tag
Caveats
  • Supply blocks, unpowered buildings, or Contaminate may cause inaccurate times.
  • Supply counts are checked every 10 seconds.